 Dungeon Crawl Stone Soup version 0.32-a0-791-gfc315c9ecd (webtiles) character file.

Game seed: 14120025611361047958

10553 Ruich the Covert (level 11, -14/81 HPs)
             Began as a Vampire Ice Elementalist on Mar 21, 2024.
             Was a High Priest of Nemelex Xobeh.
             Demolished by a catoblepas (30 damage)
             ... on level 1 of the Lair of Beasts.
             The game lasted 00:40:49 (14757 turns).

Ruich the Covert (Vampire Ice Elementalist)        Turns: 14757, Time: 00:40:49

Health: -14/81     AC: 10    Str:  9    XL:     11   Next: 37%
Magic:  17/21      EV: 14    Int: 20    God:    Nemelex Xobeh [*****.]
Gold:   253        SH:  0    Dex: 15    Spells: 10/23 levels left

rFire   + . .        a - +0 dagger (venom)
rCold   + . .        (no shield)
rNeg    . . .        D - +2 robe {rC+ rF+}
rPois   .            o - +1 helmet
rElec   .            H - scarf {repulsion}
rCorr   .            (no gloves)
SInv    +            (no boots)
Will    ++...        (no amulet)
Stlth   +++++        h - +4 ring of protection
HPRegen 0.53/turn    e - ring of willpower
MPRegen 0.17/turn

%: repel missiles
@: healing quickly
A: alive, fangs 3, see invisible, vampiric 2
a: Exsanguinate, Renounce Religion, Draw Escape, Draw Destruction, Draw
Summoning, Triple Draw, Deal Four, Stack Five


You were on level 1 of the Lair of Beasts.
You worshipped Nemelex Xobeh.
Nemelex Xobeh was extremely pleased with you.
You visited 3 branches of the dungeon, and saw 12 of its levels.
You also visited: Sewer.

You collected 1370 gold pieces.
You spent 1117 gold pieces at shops.


Innate Abilities, Weirdness & Mutations

Your natural rate of healing is accelerated.
You have razor-sharp teeth.
You have supernaturally acute eyesight. (SInv)
You are afflicted with vampirism and can become a bat while bloodless.


   Skills:
 * Level 6.2 Fighting
 + Level 7.1 Dodging
 + Level 11.3 Stealth
 + Level 6.6 Spellcasting
 + Level 2.2 Conjurations
 - Level 4.0 Summonings
 - Level 7.4 Ice Magic
 + Level 3.0 Earth Magic
 + Level 7.2 Invocations


You had 10 spell levels left.
You knew the following spells:

 Your Spells              Type           Power      Damage    Failure   Level
b - Summon Ice Beast      Ice/Summ       29%        N/A       2%          3
f - Freeze                Ice            100%       1d10      1%          1
o - Ozocubu's Armour      Ice            36%        N/A       1%          3
r - Frozen Ramparts       Ice            72%        1d11      1%          3
w - Stone Arrow           Conj/Erth      34%        3d9       10%         3

Your spell library contained the following spells:

 Spells                   Type           Power      Damage    Failure   Level
 Sandblast                Erth           36%        2d10      2%          1
 Hailstorm                Conj/Ice       26%        3d7       4%          3
 Brom's Barrelling Bould  Conj/Erth      17%        2d4       32%         4
 Metabolic Englaciation   Hex/Ice        10%        N/A       52%         5

Inventory:

Hand Weapons
 a - a +0 dagger of venom (weapon)
Missiles
 u - 2 throwing nets {=f}
Armour
 o - a +1 helmet (worn)
 D - a +2 robe of resistance (worn)
 H - a scarf of repulsion (worn)
Magical Staves
 b - a staff of cold {!a}
 C - a staff of conjuration {!a}
Jewellery
 e - a ring of willpower (right hand)
 h - a +4 ring of protection (left hand)
Wands
 r - a wand of flame (30)
 z - a wand of roots (7)
Scrolls
 d - 3 scrolls of amnesia
 f - a scroll of fog
 g - 3 scrolls of summoning
 i - 3 scrolls of teleportation {@r2}
 j - 4 scrolls of vulnerability
 k - 2 scrolls of immolation
 F - 2 scrolls of blinking
 G - a scroll of fear
 I - 2 scrolls of torment
 J - a scroll of enchant armour
Potions
 c - 2 potions of invisibility
 l - 2 potions of brilliance
 n - 4 potions of attraction
 p - 2 potions of lignification
 q - a potion of berserk rage {!q}
 s - 3 potions of haste {@q3}
 t - 4 potions of heal wounds {@q2}
 v - 3 potions of enlightenment
 w - 3 potions of might
 x - 6 potions of curing {@q1}
 y - a potion of magic
 A - a potion of mutation

Dungeon Overview and Level Annotations

Branches:
Dungeon (10/15) Zot: 26253  Temple (1/1) D:5 Zot: 5998    Lair (1/5) D:10 Zot: 4602
  Sewer (visited)
    Orc: D:9-12

Altars:
Ashenzari
Cheibriados
Dithmenos
Fedhas
Gozag
Hepliaklqana
Kikubaaqudgha
Makhleb
Nemelex Xobeh
Okawaru
Qazlal
Ru
Sif Muna
Trog
Uskayaw
Vehumet
Wu Jian
Xom
Yredelemnul

Shops:
D:6 !   D:8 !!(   D:9 [[*?

Annotations:
D:9 3 runed translucent doors, Hubris850's ghost, novice DrSh; cojito's ghost, journeyman DrSh; pokeman's ghost, novice DEHW

#####
....#
#...##
#(..##
#.FYY##
#.#.@.##
#
##...##
##...##
#...!##
###...##
##...##
##...##
#
##...##
####
##...##
#P..


You could see a catoblepas (extremely poisoned, ally target), a cane toad
(petrified, slow) and a friendly ice beast (summoned, petrified).


Message History

The wall freezes the cane toad.
Your ice beast is engulfed in calcifying dust.
You hit the catoblepas but do no damage.
The catoblepas looks as sick as possible!
The catoblepas is moderately wounded.
The wall freezes the catoblepas but does no damage.
The catoblepas misses you.
The cane toad is engulfed in calcifying dust.
The wall freezes the cane toad.
Your ice beast is engulfed in calcifying dust.
You hit the catoblepas but do no damage.
The catoblepas looks as sick as possible!
The catoblepas is moderately wounded.
The wall freezes the catoblepas but does no damage.
The catoblepas gores you!!
The cane toad is engulfed in calcifying dust.
The wall freezes the cane toad.
Your ice beast is engulfed in calcifying dust.
Unknown command.
You hit the catoblepas but do no damage.
You bite the catoblepas, but do no damage.
The catoblepas is moderately wounded.
The wall freezes the cane toad.
The wall freezes the catoblepas.
The catoblepas gores you!!
* * * LOW HITPOINT WARNING * * *
The wall freezes the cane toad but does no damage.
The frozen ramparts melt away as you move.
The catoblepas gores you!!
You die...
Your body disappears without a glow.

Skill      XL: |  1  2  3  4  5  6  7  8  9 10 11 |
---------------+----------------------------------+-----
Invocations    | 1 2 3 4 5 6 7 |  7.2
Stealth        | 4 5 6 7 9 10 11 | 11.3
Dodging        | 3 4 5 6 7 |  7.1
Spellcasting   | 3 4 5 6 |  6.6
Ice Magic      | 5 6 7 |  7.4
Summonings     | 2 4 |  4.0
Fighting       | 1 3 5 6 |  6.2
Earth Magic    | 2 3 |  3.0
Conjurations   | 1 2 |  2.2

Action                     |  1- 3 |  4- 6 |  7- 9 | 10-12 || total
---------------------------+-------+-------+-------+-------++-------
  Melee: Unarmed           |     1 |       |       |       ||     1
         Dagger            |    12 |    92 |   156 |    78 ||   338
         Bite              |     1 |    11 |    12 |    15 ||    39
         Staff             |       |       |     1 |    14 ||    15
   Cast: Freeze            |    41 |    46 |    42 |    46 ||   175
         Frozen Ramparts   |     4 |    17 |    37 |    24 ||    82
         Ozocubu's Armour  |       |     3 |     8 |     4 ||    15
         Summon Ice Beast  |       |     3 |    28 |    14 ||    45
 Invoke: Draw Destruction  |     1 |       |     8 |     1 ||    10
         Draw Summoning    |       |       |     2 |       ||     2
  Evoke: Wand              |       |       |     3 |       ||     3
    Use: Scroll            |       |       |    18 |     3 ||    21
         Potion            |       |       |       |     1 ||     1
   Stab: Sleeping          |     1 |       |     1 |     2 ||     4
         Distracted        |       |       |       |     1 ||     1
 Armour: Robe              |    32 |    93 |   189 |   117 ||   431
  Dodge: Dodged            |    27 |   117 |   161 |   130 ||   435
         Repelled          |       |       |       |     1 ||     1

Levels and vault maps discovered:
D:1:      dpeg_arrival_brainrot, layout_basic, ebering_ecumenical_altar_webs
D:2:      layout_loops_ring, minmay_stone_trees_small, uniq_robin
D:3:      lemuel_castle_with_subvaults [lemuel_castle_interior_carwin_3],
          layout_loops_ring, mainiacjoe_overflow_small_starburst,
          pdpol_wu_jian_five_deadly_venoms
D:4:      layout_loops_ring, elyvilon_altar_1
D:5:      layout_loops_cross, minmay_temple_entry_tees, bh_walls_and_bars
D:6:      layout_loops_ring, gup_sewer_entry_bowl, serial_shops,
          nicolae_shop_temple_entry_statues_fountains
D:7:      layout_cave_pools, grunt_qazlal_sundering, uniq_maurice
D:8:      layout_rooms, jmf_multi_god_temple2, grunt_temple_overflow_open,
          serial_shops, nicolae_shop_hallway_plus, nicolae_shop_tiny_glass,
          nicolae_shop_industrial_runoff, uniq_maggie, uniq_jeremiah
D:9:      layout_rooms, gammafunk_ghost_cemetery, minivault_25_ag,
          minmay_shop_grid_forest
D:10:     layout_rooms, grunt_lair_entry_orc_guard_hut, serial_shops,
          nicolae_book_shop_shelving, nicolae_trove_entry_crystal,
          kennysheep_flooded_box, corexii_hall_statues_l
Temple:   jpeg_temple_clearing
Lair:1:   layout_hall_layers

Notes
Turn   | Place    | Note
-------+----------+-------------------------------------------
     0 | D:1      | Ruich the Vampire Ice Elementalist began the quest for the
                  | Orb.
     0 | D:1      | Reached XP level 1. HP: 13/13 MP: 3/3
   252 | D:1      | Reached XP level 2. HP: 15/19 MP: 1/5
   726 | D:1      | Found a faded altar of an unknown god.
   780 | D:1      | Prayed at the altar of an unknown god.
   780 | D:1      | Became a worshipper of Nemelex Xobeh the Trickster
   780 | D:1      | Reached * piety under Nemelex Xobeh
   911 | D:1      | Gained mutation: You are afflicted with vampirism and can
                  | become a bat while bloodless. [Vampire growth]
   911 | D:1      | Reached XP level 3. HP: 24/24 MP: 4/6
  1180 | D:2      | Learned a level 3 spell: Frozen Ramparts
  1302 | D:2      | Noticed Robin
  1323 | D:2      | Killed Robin
  1324 | D:2      | Reached skill level 1 in Invocations
  1536 | D:2      | Received a gift from Nemelex Xobeh
  1543 | D:2      | Reached XP level 4. HP: 30/30 MP: 5/7
  1566 | D:2      | Learned a level 3 spell: Ozocubu's Armour
  1683 | D:2      | Reached skill level 4 in Stealth
  2154 | D:3      | Found a sacrificial altar of Ru.
  2430 | D:3      | Reached ** piety under Nemelex Xobeh
  2547 | D:3      | Reached skill level 3 in Dodging
  2575 | D:3      | Reached XP level 5. HP: 25/35 MP: 1/8
  2682 | D:3      | Found an ornate altar of the Wu Jian Council.
  2717 | D:3      | Received a gift from Nemelex Xobeh
  2979 | D:3      | Reached skill level 2 in Invocations
  3243 | D:3      | Reached XP level 6. HP: 37/41 MP: 6/10
  3249 | D:3      | Reached skill level 3 in Spellcasting
  3272 | D:3      | Reached skill level 5 in Stealth
  3342 | D:3      | Reached skill level 5 in Ice Magic
  3519 | D:3      | Reached skill level 3 in Invocations
  3612 | D:3      | Learned a level 3 spell: Summon Ice Beast
  3878 | D:3      | Reached XP level 7. HP: 26/42 MP: 4/11
  3970 | D:3      | Reached skill level 4 in Dodging
  4174 | D:4      | Reached skill level 1 in Summonings
  4961 | D:4      | Received a gift from Nemelex Xobeh
  5724 | D:5      | Entered Level 5 of the Dungeon
  5729 | D:5      | Identified a scroll of acquirement
  5729 | D:5      | Acquired 770 gold pieces
  5749 | D:5      | Reached skill level 6 in Stealth
  5817 | D:5      | Found a staircase to the Ecumenical Temple.
  5833 | D:5      | Reached skill level 2 in Summonings
  5980 | D:5      | Reached skill level 4 in Invocations
  6435 | D:5      | Reached XP level 8. HP: 47/52 MP: 9/13
  6551 | D:5      | Reached *** piety under Nemelex Xobeh
  7182 | D:5      | Reached skill level 3 in Summonings
  7914 | D:6      | Found a glowing drain.
  7918 | Sewer    | Entered a sewer
  7996 | Sewer    | Noticed Pargi
  8016 | Sewer    | Killed Pargi
  8017 | Sewer    | Reached skill level 4 in Spellcasting
  8176 | D:6      | Found Kiewk's Distillery.
  8183 | D:6      | Bought a potion of curing for 33 gold pieces
  8183 | D:6      | Bought a potion of brilliance for 44 gold pieces
  8183 | D:6      | Bought a potion of invisibility for 88 gold pieces
  8305 | Temple   | Entered the Ecumenical Temple
  8383 | D:6      | Reached skill level 5 in Dodging
  8383 | D:6      | Reached skill level 7 in Stealth
  8403 | D:6      | Reached skill level 5 in Invocations
  8502 | D:6      | Received a gift from Nemelex Xobeh
  8530 | D:6      | Reached skill level 4 in Summonings
  8530 | D:6      | Reached skill level 6 in Ice Magic
  8998 | D:7      | Reached **** piety under Nemelex Xobeh
  9005 | D:7      | Noticed a slime creature
  9054 | D:7      | Noticed Maurice
  9062 | D:7      | Reached skill level 1 in Fighting
  9062 | D:7      | Reached XP level 9. HP: 59/59 MP: 6/15
  9062 | D:7      | Maurice stole 2 throwing nets {=f}
  9064 | D:7      | Maurice stole 450 gold
  9072 | D:7      | Maurice stole 464 gold
  9073 | D:7      | Maurice stole 81 gold
  9081 | D:7      | Killed Maurice
  9082 | D:7      | Reached skill level 8 in Stealth
  9310 | D:7      | Found a stormy altar of Qazlal.
  9371 | D:7      | Received a gift from Nemelex Xobeh
  9579 | D:7      | Reached skill level 2 in Fighting
  9579 | D:7      | Reached skill level 5 in Spellcasting
  9833 | D:7      | Reached skill level 9 in Stealth
  9833 | D:7      | Reached skill level 6 in Invocations
 10332 | D:8      | Reached skill level 3 in Fighting
 10332 | D:8      | Reached skill level 7 in Ice Magic
 10488 | D:8      | Noticed Maggie
 10500 | D:8      | Killed Maggie
 10501 | D:8      | Reached XP level 10. HP: 31/71 MP: 1/18
 11214 | D:8      | Found a bloodstained altar of Trog.
 11252 | D:8      | Found Dacirea's Distillery.
 11270 | D:8      | Bought a potion of mutation for 88 gold pieces
 11277 | D:8      | Identified a +2 robe of resistance
 11277 | D:8      | Noticed Jeremiah
 11322 | D:8      | Killed Jeremiah
 11323 | D:8      | Reached skill level 4 in Fighting
 11508 | D:8      | Found Numegg's Antique Weapon Shoppe.
 11533 | D:8      | Found an opulent altar of Gozag.
 11533 | D:8      | Found an ancient bone altar of Kikubaaqudgha.
 11934 | D:8      | Found Dyliunik's Distillery.
 11942 | D:8      | Bought a potion of haste for 120 gold pieces
 11942 | D:8      | Bought a potion of might for 48 gold pieces
 11942 | D:8      | Bought a potion of haste for 120 gold pieces
 11942 | D:8      | Bought a potion of heal wounds for 60 gold pieces
 11942 | D:8      | Bought a potion of heal wounds for 60 gold pieces
 11942 | D:8      | Bought a potion of curing for 36 gold pieces
 12147 | D:9      | Reached skill level 10 in Stealth
 12206 | D:9      | Learned a level 3 spell: Stone Arrow
 12245 | D:9      | Found Feokhluh's Magic Scroll Emporium.
 12245 | D:9      | Found Teudgh's Armour Emporium.
 12249 | D:9      | Found Lityuntio's General Store.
 12250 | D:9      | Found Efojy's Antique Armour Emporium.
 12254 | D:9      | Bought a scroll of blinking for 90 gold pieces
 12254 | D:9      | Bought a scroll of fear for 48 gold pieces
 12254 | D:9      | Bought a scroll of blinking for 90 gold pieces
 12272 | D:9      | Bought a scarf of repulsion for 192 gold pieces
 12328 | D:9      | Reached skill level 6 in Dodging
 12416 | D:9      | Received a gift from Nemelex Xobeh
 12432 | D:9      | Found a runed translucent gate.
 12433 | D:9      | Found a runed translucent gate.
 12434 | D:9      | Found a runed translucent gate.
 12435 | D:9      | Noticed Hubris850's ghost (novice DrSh)
 12436 | D:9      | Noticed cojito's ghost (journeyman DrSh)
 12436 | D:9      | Noticed pokeman's ghost (novice DEHW)
 12616 | D:10     | Entered Level 10 of the Dungeon
 12632 | D:10     | Reached ***** piety under Nemelex Xobeh
 12632 | D:10     | Noticed a white ugly thing
 12762 | D:10     | Noticed an elephant
 12869 | D:9      | Killed an elephant
 12870 | D:9      | Reached skill level 1 in Earth Magic
 13103 | D:9      | Reached skill level 6 in Spellcasting
 13257 | D:10     | Found a staircase to the Lair.
 13257 | D:10     | Noticed an elephant
 13270 | D:10     | Killed an elephant
 13293 | D:10     | Reached skill level 1 in Conjurations
 13358 | Lair:1   | Entered Level 1 of the Lair of Beasts
 13383 | Lair:1   | Reached skill level 5 in Fighting
 13405 | Lair:1   | Reached skill level 2 in Earth Magic
 13413 | Lair:1   | Reached XP level 11. HP: 65/80 MP: 12/20
 13433 | Lair:1   | Reached skill level 7 in Invocations
 13722 | Lair:1   | Reached skill level 11 in Stealth
 13880 | Lair:1   | Received a gift from Nemelex Xobeh
 13948 | Lair:1   | Reached skill level 2 in Conjurations
 14235 | Lair:1   | Reached skill level 6 in Fighting
 14235 | Lair:1   | Reached skill level 7 in Dodging
 14257 | Lair:1   | Reached skill level 3 in Earth Magic
 14741 | Lair:1   | Noticed a catoblepas
 14757 | Lair:1   | Demolished by a catoblepas

Vanquished Creatures
  2 elephants
  A cane toad (Lair:1)
  Jeremiah (D:8)
  A rime drake (Lair:1)
  3 blink frogs (Lair:1)
  A slime creature (D:7)
  A wyvern (D:8)
  17 yaks
  A basilisk (Lair:1)
  A steam dragon (D:9)
  4 water moccasins
  2 sky beasts
  2 black bears
  2 centaurs
  2 ogres
  5 wolves (Lair:1)
  A phantom (D:5)
  3 kobold brigands
  3 scorpions
  3 bullfrogs
  4 wights (D:6)
  3 howler monkeys
  A bombardier beetle (D:3)
  An orc priest (D:4)
  6 hounds
  An iguana (D:5)
  A sleepcap (D:6)
  6 orc wizards
  Robin (D:2)
  15 gnolls (D:3)
  6 adders
  2 white imps
  2 dart slugs
  A ribbon worm (D:2)
  29 orcs
  9 ball pythons
  2 bats
  11 endoplasms
  4 giant cockroaches
  17 goblins
  11 hobgoblins
  18 jackals
  21 kobolds
  2 quokkas
  2 frilled lizards
  6 rats
238 creatures vanquished.

Vanquished Creatures (collateral kills)
  Maurice (D:7)
  Maggie (D:8)
  A cane toad (Lair:1)
  2 slime creatures (D:7)
  A yak (Lair:1)
  A water moccasin (D:7)
  An orc warrior (D:6)
  Pargi (Sewer)
  A black bear (D:5)
  A phantom (D:5)
  A scorpion (D:10)
  2 wights
  2 sleepcaps
  6 gnolls (D:3)
  An adder (D:5)
  2 white imps
  A dart slug (D:4)
  6 orcs
  A jackal (Sewer)
33 creatures vanquished.

Grand Total: 271 creatures vanquished

Table legend: (Time is in decaauts)
 A = Elapsed time spent in this place.
 B = Non-inter-level travel time spent in this place.
 C = Inter-level travel time spent in this place.
 D = Time resting spent in this place.
 E = Time spent auto-exploring this place.
 F = Levels seen in this place.
 G = Mean time per level.
                   A        B        C        D        E       F      G
               +--------+--------+--------+--------+--------+-----+--------+
         Total |  14773 |  14456 |    317 |   6996 |   4858 |  13 | 1136.4 |
       Dungeon |  13148 |  12831 |    317 |   5983 |   4549 |  10 | 1314.8 |
        Temple |      1 |      1 |      0 |      0 |      0 |   1 |    1.0 |
          Lair |   1396 |   1396 |      0 |    932 |    233 |   1 | 1396.0 |
         Sewer |    227 |    227 |      0 |     81 |     76 |   1 |  227.0 |
               +--------+--------+--------+--------+--------+-----+--------+

Top non-repeatable levels by time:
     D:5: 2018 daAuts
     D:3: 1933 daAuts
     D:8: 1819 daAuts
     D:4: 1636 daAuts
  Lair:1: 1396 daAuts
     D:7: 1331 daAuts
     D:1: 1173 daAuts
     D:6: 1028 daAuts
     D:2: 978 daAuts
     D:9: 908 daAuts
    D:10: 321 daAuts
   Sewer: 227 daAuts
  Temple: 1 daAuts

Table legend:
 A = Non-vault XP
 B = Vault XP
 C = Vault XP percentage of total XP
 D = Non-vault monster count
 E = Vault monster count
 F = Vault count percentage of total count
                 A         B        C        D         E       F
            +---------+---------+-------+---------+---------+-------
      Total |   11472 |    3605 |  23.9 |     190 |      81 |  29.9
            +---------+---------+-------+---------+---------+-------
        D:1 |      39 |       2 |   4.9 |      22 |       1 |   4.3
        D:2 |      34 |      33 |  49.3 |      11 |      11 |  50.0
        D:3 |      97 |     609 |  86.3 |      23 |      51 |  68.9
        D:4 |     165 |       0 |   0.0 |      26 |       0 |   0.0
        D:5 |     798 |       0 |   0.0 |      14 |       0 |   0.0
        D:6 |     572 |       4 |   0.7 |      10 |       3 |  23.1
        D:7 |    1546 |     538 |  25.8 |      18 |       1 |   5.3
        D:8 |    1393 |     989 |  41.5 |      21 |       4 |  16.0
        D:9 |     461 |     767 |  62.5 |      14 |       4 |  22.2
       D:10 |       0 |     519 | 100.0 |       0 |       2 | 100.0
     Lair:1 |    6367 |       0 |   0.0 |      31 |       0 |   0.0
      Sewer |       0 |     144 | 100.0 |       0 |       4 | 100.0
            +---------+---------+-------+---------+---------+-------
